 Dungeon Crawl Stone Soup version 0.27.1-34-g3ba077fa99 (webtiles) character file.

Game seed: 17641654836088148342

154 Cykl0x the Slasher (level 5, 0/31 HPs)
             Began as a Gargoyle Gladiator on Jan 19, 2022.
             Slain by a hobgoblin (2 damage)
             ... on level 3 of the Dungeon.
             The game lasted 00:03:39 (3233 turns).

Cykl0x the Slasher (Gargoyle Gladiator)             Turns: 3233, Time: 00:03:40

Health: 0/31       AC: 10    Str: 18    XL:     5   Next: 35%
Magic:  3/5        EV: 12    Int:  9    God:
Gold:   69         SH:  0    Dex: 11    Spells: 1/4 levels left

rFire    + . .     SeeInvis .   a - +0 long sword
rCold    . . .     Faith    .   (no shield)
rNeg     + . .     Spirit   .   m - +2 leather armour {rF+}
rPois    ∞         Reflect  .   c - +0 helmet
rElec    +         Harm     .   (no cloak)
rCorr    .         Rampage  .   (no gloves)
Will     .....                  (no boots)
Stlth    +.........             (no amulet)
HPRegen  0.10/turn              (no ring)
MPRegen  0.09/turn              (no ring)

@: no status effects
A: sickness immunity, AC +4, negative energy resistance 1, electricity
resistance, torment resistance 1, petrification resistance
a: no special abilities


You were on level 3 of the Dungeon.
You visited 1 branch of the dungeon, and saw 3 of its levels.

You collected 69 gold pieces.

Inventory:

Hand Weapons
 a - a +0 long sword (weapon)
 g - a +0 antimagic short sword
Missiles
 d - 3 throwing nets
 f - 28 stones
Armour
 b - a +0 leather armour
 c - a +0 helmet (worn)
 m - a +2 leather armour of fire resistance (worn)
Scrolls
 i - a scroll of silence {unknown}
 n - a scroll of identify
 o - 2 scrolls of fog
 p - a scroll of amnesia {unknown}
Potions
 e - a potion of berserk rage
 h - a potion of lignification
 j - a potion of mutation {unknown}
 k - a potion of degeneration {unknown}
 l - a potion of resistance {unknown}
 q - a potion of curing {unknown}


   Skills:
 + Level 2.7 Fighting
 + Level 3.7 Long Blades
 + Level 1.9 Throwing
 + Level 2.7 Armour
 + Level 3.0 Dodging
 * Level 0.3 Spellcasting
 * Level 0.7 Conjurations


You had one spell level left.
You knew the following spells:

 Your Spells              Type           Power      Damage    Failure   Level
a - Magic Dart            Conj           4%         1d3       34%         1
b - Wereblood             Tmut           0%         N/A       56%         2

Your spell library contained the following spells:

 Spells                   Type           Power      Damage    Failure   Level
 Searing Ray              Conj           2%         3d3       47%         2
 Fulminant Prism          Conj/Hex       0%         3d6       99%         4
 Summon Hydra             Summ           0%         N/A       100%        7
 Sublimation of Blood     Necr           Unusable   N/A       N/A         2

Dungeon Overview and Level Annotations

Branches:
Dungeon (3/15)

Altars:


Innate Abilities, Weirdness & Mutations

You are immune to sickness and miasma.
Your stone body is resilient. (AC +4)
You are immune to poison.
You resist negative energy. (rN+)
You are resistant to electric shocks. (rElec)
You are resistant to unholy torment.
You are immune to petrification.


Message History

* * * LOW HITPOINT WARNING * * *
The orc hits you but does no damage.
The hobgoblin hits you but does no damage.
The orc hits you but does no damage.
You hit something.
You feel less wooden.
Your +0 helmet unmelds from your body.
Your +2 leather armour of fire resistance unmelds from your body.
You feel resistant to fire. Something hits you but does no damage.
The orc hits you but does no damage.
The hobgoblin hits you but does no damage.
The orc hits you but does no damage.
You hear some strange, mumbled words.
Something tries to affect you, but you resist.
You miss something. The orc hits you with a +0 short sword.
* * * LOW HITPOINT WARNING * * *
The hobgoblin hits you.
* * * LOW HITPOINT WARNING * * *
The orc barely misses you. Something hits you but does no damage.
The orc hits you but does no damage. The hobgoblin closely misses you.
The orc hits you with a +0 dagger.
* * * LOW HITPOINT WARNING * * *
Something hits you but does no damage. The orc barely misses you.
The hobgoblin closely misses you.
You riposte.
You hit the hobgoblin but do no damage. The orc hits you but does no damage.
You climb upwards.
Reactivating autopickup.
There is a stone staircase leading down here.
Something hits you but does no damage.
Deactivating autopickup; reactivate with Ctrl-A.
The hobgoblin hits you but does no damage.
The orc barely misses you.
You riposte.
You barely miss the orc.
You climb downwards.
Reactivating autopickup.
A bat comes into view.
The orc hits you but does no damage. x2
There is a stone staircase leading up here.
The orc hits you but does no damage. The orc barely misses you.
The hobgoblin hits you.
You die...

#.........
#.........
##.........
...b......
#.........
#.........
#o.g......
#@.o.....
##o......
.......
.......
......#
......#
.......
...?..#


You could see 3 orcs, a hobgoblin and a bat.

Vanquished Creatures
  A scorpion (D:2)
  4 adders (D:2)
  A worm (D:2)
  2 dart slugs (D:1)
  4 ball pythons (D:1)
  4 bats
  5 endoplasms
  3 giant cockroaches
  9 goblins
  4 hobgoblins
  8 kobolds
  A quokka (D:1)
  2 frilled lizards
  6 rats
54 creatures vanquished.

Notes
Turn   | Place    | Note
-------+----------+-------------------------------------------
     0 | D:1      | Cykl0x the Gargoyle Gladiator began the quest for the Orb.
     0 | D:1      | Reached XP level 1. HP: 12/12 MP: 1/1
   284 | D:1      | Reached XP level 2. HP: 7/17 MP: 2/2
   760 | D:1      | Reached skill level 1 in Armour
  1121 | D:1      | Reached XP level 3. HP: 21/22 MP: 3/3
  2080 | D:2      | Noticed a scorpion
  2087 | D:2      | Killed a scorpion
  2088 | D:2      | Reached XP level 4. HP: 17/27 MP: 4/4
  2090 | D:2      | Learned a level 1 spell: Magic Dart
  2366 | D:2      | Reached XP level 5. HP: 31/31 MP: 2/5
  2450 | D:2      | Learned a level 2 spell: Wereblood
  3228 | D:3      | HP: 1/31 [orc (1)]
  3233 | D:3      | Slain by a hobgoblin

Illustrated notes

Levels and vault maps discovered:
D:1:      eino_arrival_water_cross, layout_basic, minmay_small_reverse_x
D:2:      layout_loops_corners, minmay_ruptured
D:3:      layout_basic, grunt_nemelex_the_gamble,
          gammafunk_temple_overflow_forgotten, ebering_ecumenical_altar_rust,
          uniq_terence

Skill      XL: |  1  2  3  4  5 |
---------------+----------------+-----
Armour         | 1 2 |  2.7
Long Blades    | 3 |  3.7
Dodging        | 3 |  3.0
Fighting       | |  2.7
Throwing       | |  1.9
Spellcasting   | |  0.3
Conjurations   | |  0.7

Action                   |  1- 3 |  4- 6 || total
-------------------------+-------+-------++-------
Melee: Long sword        |   125 |    64 ||   189
Throw: Stone             |     8 |       ||     8
 Cast: Magic Dart        |       |    14 ||    14
  Use: Scroll            |     3 |       ||     3
       Potion            |       |     1 ||     1
 Stab: Sleeping          |     2 |       ||     2
Armor: Leather armour    |    52 |    45 ||    97
       Skin              |       |    71 ||    71
Dodge: Dodged            |    82 |    47 ||   129
       Rpst.: Long sword |    18 |    10 ||    28
